SAAA
PURE MICHIGAN GREAT LAKERS @ NAPERVILLE BATTLEKINGS
08/06/2025
 
TOP OF THE 1ST
Pure Michigan Great Lakers batting - Pitching for Naperville Battlekings : RHP Javier Dávila
Pitching: RHP Javier Dávila
Batting: LHB César Muńóz 0-0: Foul Ball, location: 2F
0-1: Ball
1-1: Fly out, F8 (Line Drive, 8LM)
Batting: LHB Gregory Johnson 0-0: Ball
1-0: Ball
2-0: Foul Ball, location: 2F
2-1: Ground out 4-3 (Groundball, 34)
Batting: LHB Juan Rodríguez 0-0: Foul Ball, location: 2F
0-1: Called Strike
0-2: Fly out, F8 (Flyball, 8LXD)
Top of the 1st over - 0 run(s), 0 hit(s), 0 error(s), 0 left on base; Pure Michigan 0 - Naperville 0
BOTTOM OF THE 1ST
Naperville Battlekings batting - Pitching for Pure Michigan Great Lakers : RHP Kuemon Hirata
Pitching: RHP Kuemon Hirata
Batting: RHB Miguel Rodríguez 0-0: Called Strike
0-1: Ball
1-1: Ball
2-1: DOUBLE (Line Drive, 9LM)
Batting: LHB Jim Unknown 0-0: Called Strike
0-1: Ball
1-1: Called Strike
Miguel Rodríguez steals 3rd base
1-2: Ball
2-2: Foul Ball, location: 2F
2-2: Ball
3-2: Foul Ball, location: 2F
3-2: Ground out 1-3 (Groundball, 13S)
Batting: RHB Jorge Baker 0-0: Ground out 5-3 (Groundball, 56)
Miguel Rodríguez scores
Batting: RHB António Guzmán 0-0: Called Strike
0-1: Ball
1-1: Called Strike
1-2: Foul Ball, location: 2F
1-2: Foul Ball, location: 2F
1-2: Ball
2-2: SINGLE (Groundball, 56D)
Batting: LHB Philip Strickland 0-0: Foul Ball, location: 2F
0-1: Ball
1-1: Foul Ball, location: 2F
1-2: TRIPLE (Line Drive, 9LM)
António Guzmán scores
Batting: RHB Álex Rodríguez 0-0: Ball
1-0: Called Strike
1-1: Fly out, F8 (Line Drive, 8LD)
Bottom of the 1st over - 2 run(s), 3 hit(s), 0 error(s), 1 left on base; Pure Michigan 0 - Naperville 2
TOP OF THE 2ND
Pure Michigan Great Lakers batting - Pitching for Naperville Battlekings : RHP Javier Dávila
Batting: LHB Sean Angwin 0-0: Ball
1-0: Ball
2-0: Foul Ball, location: 2F
2-1: Fly out, F6 (Popup, 6D)
Batting: RHB Ron Ward 0-0: Ground out 6-3 (Groundball, 6M)
Batting: RHB John Thompson 0-0: Called Strike
0-1: Ball
1-1: Ball
2-1: Foul Ball, location: 2F
2-2: Ground out 4-3 (Groundball, 4M)
Top of the 2nd over - 0 run(s), 0 hit(s), 0 error(s), 0 left on base; Pure Michigan 0 - Naperville 2
BOTTOM OF THE 2ND
Naperville Battlekings batting - Pitching for Pure Michigan Great Lakers : RHP Kuemon Hirata
Batting: RHB Jimmy Dawson 0-0: Swinging Strike
0-1: Foul Ball, location: 2F
0-2: Foul Ball, location: 2F
0-2: Ball
1-2: Fly out, F7 (Flyball, 7LSF)
Batting: RHB Kevin Tyler 0-0: Ball
1-0: SOLO HOME RUN (Flyball, 8RXD), Distance : 438 ft
Batting: SHB Daryl Lloyd 0-0: Fly out, F9 (Flyball, 9)
Batting: RHB Miguel Rodríguez 0-0: Ground out 5-3 (Groundball, 56)
Bottom of the 2nd over - 1 run(s), 1 hit(s), 0 error(s), 0 left on base; Pure Michigan 0 - Naperville 3
TOP OF THE 3RD
Pure Michigan Great Lakers batting - Pitching for Naperville Battlekings : RHP Javier Dávila
Batting: RHB Alex Maxwell 0-0: Foul Ball, location: 2F
0-1: Ball
1-1: Foul Ball, location: 2F
1-2: Ground out 6-3 (Groundball, 6MD)
Batting: RHB Ramiro Gonzáles 0-0: Ball
1-0: Called Strike
1-1: Foul Ball, location: 2F
1-2: Foul Ball, location: 2F
1-2: Fly out, F7 (Flyball, 7LS)
Batting: RHB Jean Chamissa 0-0: Ball
1-0: Ball
2-0: Fly out, F9 (Flyball, 9S)
Top of the 3rd over - 0 run(s), 0 hit(s), 0 error(s), 0 left on base; Pure Michigan 0 - Naperville 3
BOTTOM OF THE 3RD
Naperville Battlekings batting - Pitching for Pure Michigan Great Lakers : RHP Kuemon Hirata
Batting: LHB Jim Unknown 0-0: Called Strike
0-1: Ball
1-1: Foul Ball, location: 2F
1-2: Foul Ball, location: 2F
1-2: Ball
2-2: Ball
3-2: SINGLE (Groundball, 4D)
Batting: RHB Jorge Baker 0-0: Ball
1-0: Ball
2-0: Foul Ball, location: 2F
2-1: Foul Ball, location: 2F
2-2: Strikes out swinging
Batting: RHB António Guzmán 0-0: Grounds into double play, 6-4-3 (Groundball, 6)
Bottom of the 3rd over - 0 run(s), 1 hit(s), 0 error(s), 0 left on base; Pure Michigan 0 - Naperville 3
TOP OF THE 4TH
Pure Michigan Great Lakers batting - Pitching for Naperville Battlekings : RHP Javier Dávila
Batting: LHB César Muńóz 0-0: Ball
1-0: Called Strike
1-1: Ball
2-1: Ball
3-1: Called Strike
3-2: Foul Ball, location: 2F
3-2: SINGLE (Groundball, 34D)
Batting: LHB Gregory Johnson 0-0: Ball
1-0: Ball
2-0: Ball
3-0: Called Strike
3-1: Called Strike
3-2: Base on Balls
César Muńóz to second
Batting: LHB Juan Rodríguez 0-0: Called Strike
0-1: Foul Ball, location: 2F
0-2: Ground out 3-1 (Groundball, 34S)
César Muńóz to third
Gregory Johnson to second
Batting: LHB Sean Angwin 0-0: Ball
Wild Pitch!
César Muńóz scores
Gregory Johnson to third
1-0: Foul Ball, location: 2F
1-1: Ball
2-1: Called Strike
2-2: Strikes out looking
Batting: RHB Ron Ward 0-0: Ball
1-0: DOUBLE (Flyball, 78D)
Gregory Johnson scores
Batting: RHB John Thompson 0-0: Called Strike
0-1: Foul Ball, location: 2F
0-2: Strikes out swinging
Top of the 4th over - 2 run(s), 2 hit(s), 0 error(s), 1 left on base; Pure Michigan 2 - Naperville 3
BOTTOM OF THE 4TH
Naperville Battlekings batting - Pitching for Pure Michigan Great Lakers : RHP Kuemon Hirata
Batting: LHB Philip Strickland 0-0: SOLO HOME RUN (Flyball, 9D), Distance : 375 ft
Batting: RHB Álex Rodríguez 0-0: Swinging Strike
0-1: Called Strike
0-2: Foul Ball, location: 2F
0-2: Foul Ball, location: 2F
0-2: Foul Ball, location: 2F
0-2: Ball
1-2: Strikes out looking
Batting: RHB Jimmy Dawson 0-0: Foul Ball, location: 2F
0-1: Ground out 6-3 (Groundball, 6M)
Batting: RHB Kevin Tyler 0-0: Called Strike
0-1: Ball
1-1: Foul Ball, location: 2F
1-2: Foul Ball, location: 2F
1-2: Foul Ball, location: 2F
1-2: Ground out 5-3 (Groundball, 5)
Bottom of the 4th over - 1 run(s), 1 hit(s), 0 error(s), 0 left on base; Pure Michigan 2 - Naperville 4
TOP OF THE 5TH
Pure Michigan Great Lakers batting - Pitching for Naperville Battlekings : RHP Javier Dávila
Batting: RHB Alex Maxwell 0-0: Ball
1-0: Ball
2-0: Ground out 6-3 (Groundball, 6)
Batting: RHB Ramiro Gonzáles 0-0: Fly out, F5 (Line Drive, 5)
Batting: RHB Jean Chamissa 0-0: Called Strike
0-1: Ball
1-1: Foul Ball, location: 2F
1-2: Foul Ball, location: 2F
1-2: Ball
2-2: Foul Ball, location: 2F
2-2: Foul Ball, location: 2F
2-2: Foul Ball, location: 2F
2-2: Foul Ball, location: 2F
2-2: SINGLE (Groundball, 56D)
Batting: LHB César Muńóz 0-0: Ball
1-0: Foul Ball, location: 2F
1-1: Ball
2-1: Ball
3-1: Ground out U3 (Groundball, 3S)
Top of the 5th over - 0 run(s), 1 hit(s), 0 error(s), 1 left on base; Pure Michigan 2 - Naperville 4
BOTTOM OF THE 5TH
Naperville Battlekings batting - Pitching for Pure Michigan Great Lakers : RHP Kuemon Hirata
Batting: SHB Daryl Lloyd 0-0: Called Strike
0-1: Ground out 4-3 (Groundball, 34)
Batting: RHB Miguel Rodríguez 0-0: Called Strike
0-1: Ball
1-1: Swinging Strike
1-2: Strikes out looking
Batting: LHB Jim Unknown 0-0: SINGLE (Line Drive, 4MD)
Batting: RHB Jorge Baker 0-0: Called Strike
0-1: Called Strike
0-2: SINGLE (Flyball, 8LS)
Jim Unknown to second
Batting: RHB António Guzmán 0-0: SINGLE (Groundball, 56D)
Jim Unknown to third
Jorge Baker to second
Runner from 3rd tries for Home, throw and OUT!
Bottom of the 5th over - 0 run(s), 3 hit(s), 0 error(s), 2 left on base; Pure Michigan 2 - Naperville 4
TOP OF THE 6TH
Pure Michigan Great Lakers batting - Pitching for Naperville Battlekings : RHP Javier Dávila
Batting: LHB Gregory Johnson 0-0: Ball
1-0: Ball
2-0: Called Strike
2-1: Ball
3-1: SINGLE (Line Drive, 89S)
Batting: LHB Juan Rodríguez 0-0: Grounds into double play, 6-4-3 (Groundball, 6)
Batting: LHB Sean Angwin 0-0: Foul Ball, location: 2F
0-1: Foul Ball, location: 2F
0-2: Foul Ball, location: 2F
0-2: Ball
1-2: Strikes out swinging
Top of the 6th over - 0 run(s), 1 hit(s), 0 error(s), 0 left on base; Pure Michigan 2 - Naperville 4
BOTTOM OF THE 6TH
Naperville Battlekings batting - Pitching for Pure Michigan Great Lakers : RHP Kuemon Hirata
Batting: LHB Philip Strickland 0-0: Ball
1-0: Foul Ball, location: 2F
1-1: Foul Ball, location: 2F
1-2: Ball
2-2: Foul Ball, location: 2F
2-2: Fly out, F7 (Flyball, 7D)
Batting: RHB Álex Rodríguez 0-0: Foul Ball, location: 2F
0-1: Ground out 1-3 (Groundball, 13S)
Batting: RHB Jimmy Dawson 0-0: Ball
1-0: Ball
2-0: Foul Ball, location: 2F
2-1: Ball
3-1: Foul Ball, location: 2F
3-2: Ground out 6-3 (Groundball, 6)
Bottom of the 6th over - 0 run(s), 0 hit(s), 0 error(s), 0 left on base; Pure Michigan 2 - Naperville 4
TOP OF THE 7TH
Pure Michigan Great Lakers batting - Pitching for Naperville Battlekings : RHP Javier Dávila
Batting: RHB Ron Ward 0-0: Called Strike
0-1: SINGLE (Groundball, 56D)
Batting: RHB John Thompson 0-0: Called Strike
0-1: Foul Ball, location: 2F
0-2: Strikes out swinging
Batting: RHB Alex Maxwell 0-0: Ball
1-0: Ball
2-0: Called Strike
2-1: Ball
3-1: Called Strike
3-2: Strikes out swinging
Batting: RHB Ramiro Gonzáles 0-0: Called Strike
0-1: Ball
1-1: Foul Ball, location: 2F
1-2: SINGLE (Line Drive, 9LS)
Ron Ward to second
Batting: RHB Jean Chamissa 0-0: Ball
1-0: Called Strike
1-1: Called Strike
1-2: Ball
2-2: Foul Ball, location: 2F
2-2: Ball
3-2: Fly out, F9 (Line Drive, 9S)
Top of the 7th over - 0 run(s), 2 hit(s), 0 error(s), 2 left on base; Pure Michigan 2 - Naperville 4
BOTTOM OF THE 7TH
Naperville Battlekings batting - Pitching for Pure Michigan Great Lakers : RHP Kuemon Hirata
Batting: RHB Kevin Tyler 0-0: Called Strike
0-1: Foul Ball, location: 2F
0-2: Ball
1-2: Foul Ball, location: 2F
1-2: Foul Ball, location: 2F
1-2: Fly out, F5 (Line Drive, 56)
Batting: SHB Daryl Lloyd 0-0: Foul Ball, location: 2F
0-1: Ball
1-1: Foul Ball, location: 2F
1-2: Strikes out looking
Batting: RHB Miguel Rodríguez 0-0: Called Strike
0-1: Foul Ball, location: 2F
0-2: Ball
1-2: Ground out 6-3 (Groundball, 6D)
Bottom of the 7th over - 0 run(s), 0 hit(s), 0 error(s), 0 left on base; Pure Michigan 2 - Naperville 4
TOP OF THE 8TH
Pure Michigan Great Lakers batting - Pitching for Naperville Battlekings : RHP Javier Dávila
Batting: LHB César Muńóz 0-0: Ball
1-0: Ball
2-0: Ball
3-0: Called Strike
3-1: Ground out 1-3 (Groundball, 13S)
Batting: LHB Gregory Johnson 0-0: Ball
1-0: Called Strike
1-1: Ball
2-1: SINGLE (Flyball, 9LS)
Batting: LHB Juan Rodríguez 0-0: Ball
1-0: Called Strike
1-1: Called Strike
1-2: Ball
2-2: Ball
3-2: Foul Ball, location: 2F
3-2: Base on Balls
Gregory Johnson to second
Pitching: RHP Morgan MacDonald
Batting: LHB Sean Angwin 0-0: Called Strike
0-1: Fly out, F7 (Flyball, 7)
Pitching: RHP William Taylor
Batting: RHB Ron Ward 0-0: SINGLE (Flyball, 78S)
Gregory Johnson to third
Juan Rodríguez to second
Batting: RHB John Thompson 0-0: Ball
1-0: Ball
2-0: Ball
3-0: Called Strike
3-1: Called Strike
3-2: Foul Ball, location: 2F
3-2: Fly out, F9 (Flyball, 9LSF)
Top of the 8th over - 0 run(s), 2 hit(s), 0 error(s), 3 left on base; Pure Michigan 2 - Naperville 4
BOTTOM OF THE 8TH
Naperville Battlekings batting - Pitching for Pure Michigan Great Lakers : RHP Kuemon Hirata
Batting: LHB Jim Unknown 0-0: Called Strike
0-1: Ground out 3-1 (Groundball, 34)
Batting: RHB Jorge Baker 0-0: Ball
1-0: Called Strike
1-1: Ball
2-1: Ground out 4-3 (Groundball, 4)
Batting: RHB António Guzmán 0-0: Ball
1-0: Ball
2-0: Called Strike
2-1: Ball
3-1: Swinging Strike
3-2: Foul Ball, location: 2F
3-2: Strikes out swinging
Bottom of the 8th over - 0 run(s), 0 hit(s), 0 error(s), 0 left on base; Pure Michigan 2 - Naperville 4
TOP OF THE 9TH
Pure Michigan Great Lakers batting - Pitching for Naperville Battlekings : RHP William Taylor
Pitching: RHP David Gómez
Batting: RHB Alex Maxwell 0-0: Ball
1-0: Called Strike
1-1: Fly out, F7 (Flyball, 7LD)
Batting: RHB Ramiro Gonzáles 0-0: Called Strike
0-1: Ball
1-1: Ball
2-1: Fly out, F8 (Flyball, 8LS)
Batting: RHB Jean Chamissa 0-0: Foul Ball, location: 2F
0-1: Ball
1-1: Ball
2-1: Ball
3-1: Called Strike
3-2: Base on Balls
Batting: LHB César Muńóz 0-0: Ball
1-0: Called Strike
1-1: Ball
2-1: Foul Ball, location: 2F
2-2: Ball
3-2: Base on Balls
Jean Chamissa to second
Batting: LHB Gregory Johnson 0-0: Called Strike
0-1: Ball
1-1: Ground out 1-3 (Groundball, 13S)
Top of the 9th over - 0 run(s), 0 hit(s), 0 error(s), 2 left on base; Pure Michigan 2 - Naperville 4
Friday, December 30th, 2016 - OOTP Baseball 17.12 Build 75